 Dungeon Crawl Stone Soup version 0.31-a0-202-g547052bce9 (webtiles) character file.

Game seed: 1085850003480859779

71 BubbleThief the Stinger (level 4, -2/34 (36) HPs)
             Began as a Naga Venom Mage on June 26, 2023.
             Slain by a gnoll
             ... wielding a +2 flail of draining
              (11 damage)
             ... on level 3 of the Dungeon.
             The game lasted 00:03:53 (2119 turns).

BubbleThief the Stinger (Naga Venom Mage)           Turns: 2119, Time: 00:03:54

HP:   -2/34 (36)    AC:  3    Str: 11    XL:     4   Next: 24%
MP:   5/8           EV:  5    Int: 17    God:
Gold: 187           SH:  0    Dex: 11    Spells: 1/9 levels left

rFire   . . .        j - +1 rapier (venom)
rCold   . . .        (no shield)
rNeg    . . .        a - +0 robe
rPois   +            (no helmet)
rElec   .            (no cloak)
rCorr   .            i - +0 pair of gloves
SInv    +            (no barding)
Will    .....        (no amulet)
Stlth   ++           (no ring)
HPRegen 0.25/turn    (no ring)
MPRegen 0.11/turn

%: no passive effects
@: held, drained, very slow
A: AC +1, large, see invisible, deformed body, poison resistance, slowness 2,
spit poison 1, naga tail 1
a: Spit Poison


You were on level 3 of the Dungeon.
You visited 1 branch of the dungeon, and saw 3 of its levels.

You collected 187 gold pieces.

Inventory:

Hand Weapons
 j - a +1 rapier of venom (weapon)
Armour
 a - a +0 robe (worn)
 i - a +0 pair of gloves (worn)
Scrolls
 d - 2 scrolls of torment {unknown}
 e - a scroll of teleportation {unknown}
 g - 2 scrolls of vulnerability {unknown}
 h - a scroll of revelation {unknown}
Potions
 b - a potion of magic
 c - 2 potions of curing {unknown}
 f - a potion of berserk rage {unknown}
 k - a potion of mutation {unknown}


   Skills:
 - Level 1.5 Dodging
 - Level 3.0 Stealth
 + Level 3.1 Spellcasting
 - Level 1.0 Transmutations
 + Level 5.4 Poison Magic


You had one spell level left.
You knew the following spells:

 Your Spells              Type           Power      Damage    Failure   Level
a - Sting                 Tmut/Pois      52%        1d5       4%          1
b - Mephitic Cloud        Conj/Pois/Air  8%         N/A       24%         3
c - Olgreb's Toxic Radia  Pois           21%        N/A       19%         4

Your spell library contained the following spells:

 Spells                   Type           Power      Damage    Failure   Level
 Beastly Appendage        Tmut           12%        N/A       12%         1
 Poisonous Vapours        Pois/Air       24%        N/A       9%          2
 Spider Form              Tmut/Pois      13%        N/A       14%         3
 Wereblood                Tmut           6%         N/A       17%         2


Dungeon Overview and Level Annotations

Branches:
Dungeon (3/15)

Altars:

Shops:
D:1 :


Innate Abilities, Weirdness & Mutations

Your serpentine skin is tough. (AC +1)
You have supernaturally acute eyesight. (SInv)
Armour fits poorly on your strangely shaped body.
Your system is resistant to poisons. (rPois)
You cover ground very slowly.
You can spit poison.
You have a snake-like lower body.


Message History

Found a stone staircase leading up.
A gnoll comes into view. It is wielding a +0 club.
A gnoll is nearby! 2 gnolls come into view.
A gnoll is wielding a +2 flail of draining.
The gnoll shouts! x3
The gnoll throws a throwing net.
The throwing net hits you.
You become entangled in the net!
The gnoll hits you from afar with a +0 spear.
You see here a throwing net.
Casting: Sting (safe; 4% risk of failure)
Confirm with . or Enter, or press ? or * to list all spells.
The spell is quite dangerous to miscast (24% risk of failure)!
Continue anyway?
Aiming: Mephitic Cloud (quite dangerous; 24% risk of failure)
Press: ? - help, Shift-Dir - straight line, f - gnoll
Aim: a gnoll, wielding a +2 flail of draining (chance to affect: 91%)
The ball explodes into a vile cloud!
The stinking cloud engulfs the gnoll but does no damage.
The stinking cloud engulfs you but does no damage.
The gnoll is engulfed in noxious fumes.
The gnoll appears confused.
The gnoll hits you with a +2 flail of draining.
You feel drained.
The gnoll hits you from afar with a +0 spear.
Unknown command.
Unknown command.
You struggle against the net.
The gnoll is engulfed in noxious fumes.
The gnoll appears confused.
The gnoll barely misses you. x2
Unknown command.
Unknown command.
You struggle against the net.
The gnoll is engulfed in noxious fumes.
The gnoll appears confused.
The gnoll hits you with a +2 flail of draining!
You feel drained. The gnoll closely misses you.
Unknown command.
Unknown command.
You struggle against the net.
The gnoll barely misses you.
The gnoll hits you from afar with a +0 spear.
* * * LOW HITPOINT WARNING * * *
The gnoll hits you with a +2 flail of draining!
You die...

#.####
#######.##
#.# #.#
#.# #.# #
#.# #.# #.
#.# #.#
##.# #.#
#.#
##..g##.#
#.#
##.....#.#
#.#
......g@.#
##....g###
##...#
#..# #..
#. #


You could see 3 gnolls.

Vanquished Creatures
  3 adders (D:2)
  2 dart slugs
  4 bats
  2 endoplasms
  A giant cockroach (D:1)
  4 goblins
  2 hobgoblins (D:1)
  5 kobolds
  2 quokkas (D:1)
  A ball python (D:1)
  14 frilled lizards
  4 rats
44 creatures vanquished.

Notes
Turn   | Place    | Note
-------+----------+-------------------------------------------
     0 | D:1      | BubbleThief the Naga Venom Mage began the quest for the
                  | Orb.
     0 | D:1      | Reached XP level 1. HP: 15/15 MP: 3/3
   105 | D:1      | Reached XP level 2. HP: 17/22 MP: 0/5
   325 | D:1      | Found Utahef's Book Shoppe.
  1050 | D:2      | Found a faded altar of an unknown god.
  1075 | D:2      | Reached XP level 3. HP: 27/28 MP: 4/6
  1146 | D:2      | Reached skill level 5 in Poison Magic
  1600 | D:2      | Reached XP level 4. HP: 36/36 MP: 4/8
  1604 | D:2      | Learned a level 3 spell: Mephitic Cloud
  1609 | D:2      | Learned a level 4 spell: Olgreb's Toxic Radiance
  2119 | D:3      | Slain by a gnoll

Illustrated notes

Levels and vault maps discovered:
D:1:      heliophobic_arrival_ceremonial_halls, layout_loops_cross,
          serial_shops, shop, glass_columns_b, minivault_26, minivault_19,
          hangedman_decor_clover_reticule
D:2:      layout_basic, hellmonk_ecumenical_altar_heavens_door,
          minmay_lizard_king
D:3:      layout_loops_ring, mainiacjoe_overflow_alcove_4,
          chequers_hall_statues_wall_a, roderic_serpentine_path

Skill      XL: |  1  2  3 |
---------------+----------+-----
Poison Magic   | 5 |  5.4
Spellcasting   | 3 |  3.1
Dodging        | |  1.5
Stealth        | |  3.0
Transmutations | |  1.0

Action                     |  1- 3 |  4- 6 || total
---------------------------+-------+-------++-------
  Melee: Unarmed           |     4 |       ||     4
         Rapier            |     1 |       ||     1
   Cast: Sting             |    44 |     2 ||    46
         Mephitic Cloud    |       |     1 ||     1
Ability: Spit Poison       |    35 |     6 ||    41
 Armour: Robe              |     6 |     2 ||     8
  Dodge: Dodged            |    21 |     4 ||    25

Table legend: (Time is in decaauts)
 A = Elapsed time spent in this place.
 B = Non-inter-level travel time spent in this place.
 C = Inter-level travel time spent in this place.
 D = Time resting spent in this place.
 E = Time spent auto-exploring this place.
 F = Levels seen in this place.
 G = Mean time per level.
                   A        B        C        D        E       F      G
               +--------+--------+--------+--------+--------+-----+--------+
         Total |   2725 |   2623 |    102 |      0 |   2305 |   3 |  908.3 |
       Dungeon |   2725 |   2623 |    102 |      0 |   2305 |   3 |  908.3 |
               +--------+--------+--------+--------+--------+-----+--------+

Top non-repeatable levels by time:
     D:2: 1318 daAuts
     D:1: 1159 daAuts
     D:3: 247 daAuts
